 Dungeon Crawl Stone Soup version 0.31-a0-662-g684573625c (webtiles) character file.

Game seed: 10951374358114204142

6 subawu the Sneak (level 1, 0/9 HPs)
             Began as a Spriggan Venom Mage on Aug 31, 2023.
             Killed from afar by a dart slug (4 damage)
             ... with a slug dart
             ... on level 1 of the Dungeon.
             The game lasted 00:01:10 (226 turns).

subawu the Sneak (Spriggan Venom Mage)               Turns: 226, Time: 00:01:10

Health: 0/9        AC:  2    Str:  4    XL:     1   Next: 75%
Magic:  5/5        EV: 17    Int: 16    God:
Gold:   35         SH:  0    Dex: 15    Spells: 4/5 levels left

rFire   . . .        c - +0 spear
rCold   . . .        (no shield)
rNeg    . . .        a - +0 robe
rPois   .            (helmet restricted)
rElec   .            (no cloak)
rCorr   .            (gloves unavailable)
SInv    +            (boots unavailable)
Will    .....        (no amulet)
Stlth   ++           (no ring)
HPRegen 0.21/turn    (no ring)
MPRegen 0.09/turn

%: no passive effects
@: very quick
A: very small, no large weapons, unfitting armour, see invisible, speed 3
a: no special abilities


You were on level 1 of the Dungeon.
You visited 1 branch of the dungeon, and saw 1 of its levels.

You collected 35 gold pieces.

Inventory:

Hand Weapons
 c - a +0 spear (weapon)
Armour
 a - a +0 robe (worn)
Jewellery
 e - a ring of willpower
Potions
 b - a potion of magic
 d - a potion of mutation {unknown}
 f - a potion of might {unknown}


   Skills:
 + Level 2.8 Dodging
 + Level 3.2 Stealth
 + Level 2.8 Spellcasting
 + Level 1.6 Transmutations
 + Level 3.0 Poison Magic


You had 4 spell levels left.
You knew the following spells:

 Your Spells              Type           Power      Damage    Failure   Level
a - Sting                 Tmut/Pois      36%        1d4       7%          1

Your spell library contained the following spells:

 Spells                   Type           Power      Damage    Failure   Level
 Poisonous Vapours        Pois/Air       14%        N/A       16%         2
 Mephitic Cloud           Conj/Pois/Air  5%         N/A       36%         3
 Olgreb's Toxic Radiance  Pois           12%        N/A       47%         4


Dungeon Overview and Level Annotations

Branches:
Dungeon (1/15)

Altars:


Innate Abilities, Weirdness & Mutations

You are very small and have problems with some larger weapons.
You are too small for most types of armour.
You have supernaturally acute eyesight. (SInv)
You cover ground extremely quickly. (Speed+++)


Message History

An endoplasm comes into view.
A rat comes into view.
A dart slug comes into view.
The helpless endoplasm fails to defend itself.
You hit the endoplasm.
The endoplasm is heavily wounded.
The endoplasm misses you. The dart slug launches a dart at you.
The slug dart misses you.
You hit the endoplasm.
The endoplasm is severely wounded.
The endoplasm freezes you.
You are frozen.
You hit the rat.
The rat is severely wounded.
The endoplasm closely misses you. The rat misses you.
You closely miss the rat.
The rat is severely wounded.
The rat completely misses you. The endoplasm freezes you.
You are frozen.
You closely miss the rat.
The rat is severely wounded.
The rat closely misses you. The endoplasm barely misses you.
You hit the rat.
You kill the rat!
The endoplasm hits you. The dart slug closely misses you.
You hit the dart slug but do no damage. You punch the dart slug.
The dart slug is lightly wounded.
The endoplasm misses you.
You hit the dart slug.
The dart slug is moderately wounded.
The endoplasm hits you but does no damage.
The dart slug launches a dart at you. The slug dart misses you.
The endoplasm closely misses you.
You hit the dart slug but do no damage.
The dart slug is moderately wounded.
The dart slug launches a dart at you. The slug dart hits you.
You die...

######### ........#.
#.........
######.......#
.............#.
.......†......#
......J@#.# ..
.......w..# .##
..........# #.
..####+###.###.###.#
#. #... #.#.......#
#(###..#+#
#######.#+#.#
#........# #.....'.#
#......#.# #.....#.#
#.#....#.###..>..#+#


You could see a dart slug and an endoplasm.

Vanquished Creatures
  An endoplasm (D:1)
  A goblin (D:1)
  A kobold (D:1)
  A quokka (D:1)
  A rat (D:1)
5 creatures vanquished.

Notes
Turn   | Place    | Note
-------+----------+-------------------------------------------
     0 | D:1      | subawu the Spriggan Venom Mage began the quest for the Orb.
     0 | D:1      | Reached XP level 1. HP: 9/9 MP: 5/5
   226 | D:1      | Killed from afar by a dart slug

Illustrated notes

Levels and vault maps discovered:
D:1:      shiori_arrival_maze, layout_rooms, st_stairs_2

Action                     || total
---------------------------++-------
  Melee: Spear             ||    32
         Punch             ||     1
   Stab: Sleeping          ||     1
 Armour: Robe              ||     7
  Dodge: Dodged            ||    28

Table legend: (Time is in decaauts)
 A = Elapsed time spent in this place.
 B = Non-inter-level travel time spent in this place.
 C = Inter-level travel time spent in this place.
 D = Time resting spent in this place.
 E = Time spent auto-exploring this place.
 F = Levels seen in this place.
 G = Mean time per level.
                   A        B        C        D        E       F      G
               +--------+--------+--------+--------+--------+-----+--------+
         Total |    170 |    170 |      0 |     34 |     20 |   1 |  170.0 |
       Dungeon |    170 |    170 |      0 |     34 |     20 |   1 |  170.0 |
               +--------+--------+--------+--------+--------+-----+--------+

Top non-repeatable levels by time:
     D:1: 170 daAuts
